Map: Central Protocol

Players

AcerNerchio (Nerchio)

  • Race: Zerg Zerg

hydra - Winner!

  • Race: Zerg Zerg
  • League: Platinum

Event: NationWars III

VOD

Have the link to the VOD?

Description

Time

  • Played on: Jan. 3, 2016, 10:46 a.m.
  • Length: 4:24
Show
View Real Time Build Order
Export as new Build Order

AcerNerchio Zerg 

Build Orders: Pool First, Zergling Baneling 

Get SALT Encoding   

  12  0:00  Drone  
  13  0:12  Overlord  
  13  0:17  Drone  
  14  0:30  Drone  
  14  0:31  Drone  
  14  0:34  Drone  
  17  0:38  Extractor  
  16  0:47  Spawning Pool  
  15  0:50  Drone  
  15  0:56  Drone  
  17  1:08  Overlord  
  17  1:33  Zergling x2  
  17  1:34  Zergling x2, Queen  
  17  1:38  Zergling x2  
  17  1:39  Metabolic Boost  
  22  1:49  Zergling x2  
  23  1:58  Hatchery  
  22  2:03  Zergling x2  
  23  2:11  Baneling Nest  
  23  2:14  Zergling x2  
  23  2:21  Zergling x2  
  24  2:32  Zergling x2  
  24  2:42  Zergling x6  
  26  2:48  Zergling x2  
  27  2:55  Baneling x4  
  27  2:56  Zergling x2  
  28  3:05  Baneling x2  
  28  3:07  Zergling x2  
  28  3:11  Baneling  
  28  3:12  Overlord  
  26  3:21  Zergling x4  
  27  3:29  Zergling x4  
  24  3:40  Zergling x2  
  25  3:47  Drone  
  25  3:48  Drone x2  
  26  3:55  Baneling x3  
  26  4:01  Zergling x2  
  27  4:03  Zergling x2  
Show
View Real Time Build Order
Export as new Build Order

hydra Zerg - Winner!

Build Orders: Hatch First 

Get SALT Encoding   

  12  0:01  Drone  
  13  0:12  Overlord  
  13  0:17  Drone  
  14  0:30  Drone x2  
  14  0:34  Drone  
  17  0:52  Hatchery  
  17  0:55  Drone  
  17  0:58  Drone  
  18  1:09  Extractor  
  17  1:13  Spawning Pool  
  17  1:17  Drone  
  17  1:20  Drone  
  18  1:28  Drone  
  19  1:39  Drone  
  20  1:49  Overlord  
  20  2:00  Queen  
  22  2:02  Baneling Nest, Zergling x2  
  22  2:04  Queen  
  22  2:07  Zergling x2  
  25  2:10  Zergling x2  
  26  2:16  Zergling x2  
  26  2:21  Zergling x2  
  28  2:31  Metabolic Boost  
  26  2:38  Queen  
  26  2:43  Zergling x2  
  29  2:45  Baneling  
  29  2:48  Baneling  
  29  2:51  Zergling x4  
  29  2:52  Zergling x2  
  29  2:55  Overlord  
  32  3:05  Zergling x6  
  35  3:08  Baneling x2  
  35  3:26  Zergling x4  
  35  3:27  Zergling x2  
  38  3:28  Zergling x4  
  38  3:29  Zergling x2  
  33  3:35  Zergling x2  
  34  3:48  Drone x2  
  35  3:51  Zergling x6  
  38  3:56  Zergling x2  
  38  4:00  Baneling x2  
  39  4:03  Drone  
Tags
 
Add a new tag
Caveats
  • Supply blocks, unpowered buildings, or Contaminate may cause inaccurate times.
  • Supply counts are checked every 10 seconds.